 Dungeon Crawl Stone Soup version 0.20.0-9-g8272e65 (console) character file.

3061 Cab the Destroyer (level 9, -5/45 HPs)
             Began as a Deep Elf Conjurer on June 3, 2017.
             Was a Follower of Vehumet.
             Killed from afar by an orc wizard (8 damage)
             ... with a puff of flame
             ... on level 7 of the Dungeon.
             The game lasted 00:32:07 (5731 turns).

Cab the Destroyer (Deep Elf Conjurer)               Turns: 5731, Time: 00:32:07

Health: -5/45      AC:  6    Str: 10    XL:     9   Next: 57%
Magic:  1/25       EV: 13    Int: 24    God:    Vehumet [*.....]
Gold:   328        SH:  0    Dex: 15    Spells: 20/28 levels left

rFire    . . .     SeeInvis .   v - +1 short sword (protect)
rCold    + . .     Gourm    .   (no shield)
rNeg     . . .     Faith    .   a - +1 robe
rPois    .         Spirit   .   (no helmet)
rElec    .         Reflect  .   (no cloak)
rCorr    +         Harm     +   B - +0 pair of gloves
MR       .....                  t - +1 pair of boots
Stlth    ++........             i - amulet of harm
Regen    0.2/turn               s - ring of protection from cold
MPRegen  0.2/turn               C - ring of resist corrosion

@: mighty
A: no striking features
a: Renounce Religion


You were on level 7 of the Dungeon.
You worshipped Vehumet.
Vehumet was aware of your devotion.
You were hungry.

You visited 2 branches of the dungeon, and saw 8 of its levels.

You collected 328 gold pieces.

Inventory:

Hand Weapons
 u - a +1 dagger of draining
 v - a +1 short sword of protection (weapon)
Armour
 a - a +1 robe (worn)
 t - a +1 pair of boots (worn)
 B - a +0 pair of gloves (worn)
Jewellery
 i - an amulet of harm (around neck)
 s - a ring of protection from cold (left hand)
 C - a ring of resist corrosion (right hand)
Wands
 m - a wand of digging (19/24)
 n - a wand of flame (26/48)
 p - a wand of random effects (13/48)
 r - a wand of acid (8/15)
 y - a wand of lightning (8/15)
Scrolls
 f - 3 scrolls of teleportation
 k - 3 scrolls of immolation {unknown}
 w - 4 scrolls of fear {unknown}
 z - a scroll of amnesia {unknown}
 E - a scroll of remove curse
Potions
 d - 2 potions of flight
 g - 2 potions of resistance
 j - a potion of haste
 q - a potion of heal wounds {unknown}
 x - a potion of might
 A - a potion of curing {unknown}
 D - a potion of agility {unknown}
Books
 b - a book of Conjurations

   Spells                             Type                      Level
   a - Magic Dart                     Conjuration                  1
   b - Searing Ray                    Conjuration                  2
   c - Dazzling Spray                 Conjuration/Hexes            3
   d - Fulminant Prism                Conjuration/Hexes            4
   e - Force Lance                    Conjuration/Translocation    4
   f - Iskenderun's Mystic Blast      Conjuration                  4
 e - a book of Necromancy

   Spells                             Type                      Level
   a - Pain                           Necromancy                   1
   b - Animate Skeleton               Necromancy                   1
   c - Vampiric Draining              Necromancy                   3
   d - Regeneration                   Charms/Necromancy            3
   e - Animate Dead                   Necromancy                   4
   f - Control Undead                 Necromancy                   4
Comestibles
 c - 7 bread rations
 h - 4 fruits
 l - 2 meat rations
 o - 3 royal jellies


   Skills:
 + Level 0.2 Short Blades
 - Level 2.4 Dodging
 - Level 2.4 Stealth
 - Level 10.2 Spellcasting
 * Level 12.9 Conjurations
 - Level 7.0 Hexes
 * Level 6.3 Translocations


You had 20 spell levels left.
You knew the following spells:

 Your Spells              Type           Power        Failure   Level  Hunger
a - Magic Dart            Conj           ####         1%          1    None
b - Dazzling Spray        Conj/Hex       ######       1%          3    None
c - Force Lance           Conj/Tloc      ######..     1%          4    #......


Dungeon Overview and Level Annotations

Branches:
Dungeon (7/15)             Temple (1/1) D:6

Altars:
Ashenzari
Cheibriados
Dithmenos
Elyvilon
Fedhas
Hepliaklqana
Kikubaaqudgha
Makhleb
Nemelex Xobeh
Okawaru
Ru
Sif Muna
Trog
Uskayaw
Vehumet
Xom
Yredelemnul
Zin


Message History

An orc priest comes into view. It is wielding a flail.
Casting: Magic Dart
Confirm with . or Enter, or press ? or * to list all spells.
Aiming: Dazzling Spray
Press: ? - help, Shift-Dir - straight line, f/p - orc priest
Aim: an orc priest, wielding a club and wearing a ring mail (severely wounded)
The spray of energy hits the orc priest.
You kill the orc priest!
Vehumet accepts your kill.
You can now gain magical power from killing.
Vehumet offers you knowledge of Freeze.
The orc priest invokes the aid of Beogh against you.
Beogh smites you!
* * * LOW HITPOINT WARNING * * *
It was a potion of might.
You feel very mighty all of a sudden.
You hear some strange, mumbled words.
A puff of flame appears from out of thin air!
The puff of flame hits you!
You die...

▒∙∙∙<∙∙∙▒
▒∙∙∙∙∙∙∙∙∙
▒▒∙∙∙∙∙∙∙▒▒
▒▒∙∙∙∙∙∙▒▒▒
▒∙∙∙∙∙∙∙▒
▒▒∙∙∙▒∙▒▒
▒∙▒▒▒▒▒▒∙▒▒∙▒
∙∙∙∙∙∙∙∙∙∙∙∙▒
▒▒∙▒▒▒▒▒@▒▒▒▒
▒{▒ ▒o∙∙▒
▒)∙∙∙∙▒
▒∙∙∙∙∙∙∙▒
▒o∙∙∙∙∙∙∙∙▒


∙'∙∙∙∙∙∙∙∙∙'∙ ▒▒▒∙∙∙∙∙∙∙∙∙▒▒▒ ▒▒∙∙∙∙∙∙∙▒▒ You could see an orc priest and an
orc.

Vanquished Creatures
  2 hippogriffs (D:5)
  The ghost of Cab the Destroyer, an amateur DECj (D:5)
  Sigmund (D:2)
  A water moccasin (D:5)
  2 sky beasts
  An orc warrior (D:7)
  3 ogres
  4 centaurs
  A bullfrog (D:7)
  3 scorpions
  3 howler monkeys (D:7)
  A centaur zombie (D:5)
  2 crimson imps (D:5)
  A quasit (D:6)
  5 orc priests
  A hound (D:5)
  A bullfrog skeleton (D:6)
  5 orc wizards
  Ijyb (D:3)
  Natasha (thrice) (D:2)
  An iguana (D:7)
  3 worker ants
  4 adders
  A shadow imp (D:5)
  3 worms
  A dart slug (D:3)
  7 leopard geckos
  16 orcs
  4 giant cockroaches
  8 goblins
  7 hobgoblins
  12 jackals
  5 kobolds
  4 quokkas
  3 ball pythons
  9 bats
  6 frilled lizards
  A leopard gecko zombie (D:5)
  A quokka skeleton (D:5)
  13 rats
151 creatures vanquished.

Notes
Turn   | Place    | Note
-------+----------+-------------------------------------------
     0 | D:1      | Cab the Deep Elf Conjurer began the quest for the Orb.
     0 | D:1      | Reached XP level 1. HP: 10/10 MP: 6/6
   176 | D:1      | Reached XP level 2. HP: 12/15 MP: 5/8
   199 | D:1      | Reached skill level 5 in Conjurations
   625 | D:1      | Reached XP level 3. HP: 19/19 MP: 7/9
   630 | D:1      | Learned a level 3 spell: Dazzling Spray
   765 | D:2      | Noticed Natasha
   776 | D:2      | Killed Natasha
   960 | D:2      | Reached XP level 4. HP: 20/24 MP: 9/11
  1075 | D:2      | Noticed Natasha
  1076 | D:2      | Killed Natasha
  1076 | D:2      | Reached skill level 6 in Conjurations
  1086 | D:2      | Learned a level 4 spell: Force Lance
  1086 | D:2      | Noticed Natasha
  1090 | D:2      | Killed Natasha
  1164 | D:2      | Noticed Sigmund
  1189 | D:2      | Killed Sigmund
  1189 | D:2      | Reached skill level 7 in Conjurations
  1189 | D:2      | Reached XP level 5. HP: 28/28 MP: 4/13
  1189 | D:2      | Reached XP level 6. HP: 32/32 MP: 4/14
  1529 | D:2      | Found a shadowy altar of Dithmenos.
  1729 | D:2      | Found a sacrificial altar of Ru.
  1852 | D:3      | Reached skill level 10 in Spellcasting
  1852 | D:3      | Reached skill level 10 in Conjurations
  1852 | D:3      | Reached skill level 5 in Translocations
  1852 | D:3      | Reached XP level 7. HP: 36/36 MP: 14/22
  2153 | D:3      | Noticed Ijyb
  2165 | D:3      | Killed Ijyb
  2165 | D:3      | Reached skill level 11 in Conjurations
  2435 | D:3      | Found a deep blue altar of Sif Muna.
  3254 | D:5      | Entered Level 5 of the Dungeon
  3258 | D:5      | Reached XP level 8. HP: 41/41 MP: 9/24
  3262 | D:5      | Noticed Cab's ghost (amateur DECj)
  3336 | D:5      | Killed Cab's ghost
  3392 | D:5      | Noticed a hippogriff
  3393 | D:5      | Found a sparkling altar of Nemelex Xobeh.
  3394 | D:5      | Found a transporter.
  3409 | D:5      | Noticed a hippogriff
  3411 | D:5      | Found a transporter.
  3514 | D:5      | Killed a hippogriff
  3515 | D:5      | Killed a hippogriff
  3643 | D:5      | Found a shattered altar of Ashenzari.
  3662 | D:5      | Found a glowing silver altar of Zin.
  3817 | D:5      | Reached skill level 12 in Conjurations
  3857 | D:5      | Reached XP level 9. HP: 45/45 MP: 18/25
  4314 | D:5      | Found a snail-covered altar of Cheibriados.
  4567 | D:6      | Found a staircase to the Ecumenical Temple.
  4580 | Temple   | Entered the Ecumenical Temple
  4619 | Temple   | Became a worshipper of Vehumet
  5729 | D:7      | Reached * piety under Vehumet
  5729 | D:7      | Offered knowledge of Freeze by Vehumet.
  5731 | D:7      | Killed from afar by an orc wizard

Skill      XL: |  1  2  3  4  5  6  7  8  9 |
---------------+----------------------------+-----
Conjurations   | 5 7 10 11 12 | 12.9
Spellcasting   | 4 10 | 10.2
Hexes          | 2 7 |  7.0
Translocations | 5 6 |  6.3
Short Blades   | |  0.2
Dodging        | |  2.4
Stealth        | |  2.4

Action                   |  1- 3 |  4- 6 |  7- 9 || total
-------------------------+-------+-------+-------++-------
Melee: Unarmed           |    13 |       |     1 ||    14
       Dagger            |       |       |     5 ||     5
       Short sword       |       |       |    11 ||    11
 Cast: Magic Dart        |    58 |    41 |   185 ||   284
       Dazzling Spray    |       |     2 |    54 ||    56
       Force Lance       |       |       |    18 ||    18
  Use: Scroll            |       |     7 |     3 ||    10
       Potion            |       |     1 |     3 ||     4
  Eat: Chunk             |       |     2 |    12 ||    14
Armor: Robe              |     6 |       |    16 ||    22
Dodge: Dodged            |    20 |     2 |    36 ||    58
